 Dungeon Crawl Stone Soup version 0.21-a0-274-gc1afaeb (webtiles) character file.

126 motkurip the Covered (level 5, -15/43 HPs)
             Began as a Barachi Fighter on Sept 19, 2017.
             Demolished by an ogre
             ... wielding a +0 giant club
              (30 damage)
             ... on level 3 of the Dungeon.
             The game lasted 00:06:35 (1526 turns).

motkurip the Covered (Barachi Fighter)              Turns: 1526, Time: 00:06:35

Health: -15/43     AC:  7    Str: 18    XL:     5   Next: 9%
Magic:  5/5        EV: 14    Int:  9    God:
Gold:   76         SH:  5    Dex: 16    Spells: 4/4 levels left

rFire    + . .     SeeInvis .   q - +0 whip (venom)
rCold    + . .     Gourm    .   k - +0 buckler
rNeg     . . .     Faith    .   b - +0 scale mail
rPois    +         Spirit   .   (no helmet)
rElec    +         Reflect  .   (no cloak)
rCorr    +         Harm     .   (no gloves)
MR       .....                  (no boots)
Stlth    +.........             (no amulet)
HPRegen  0.14/turn              (no ring)
MPRegen  0.09/turn              (no ring)

@: agile, resistant, can't hop, slow
A: +LOS, swims, slowness 1, strong legs 1
a: Hop


You were on level 3 of the Dungeon.
You were not hungry.

You visited 1 branch of the dungeon, and saw 3 of its levels.

You collected 76 gold pieces.

Inventory:

Hand Weapons
 a - a +0 rapier
 q - a +0 whip of venom (weapon)
Armour
 b - a +0 scale mail (worn)
 c - a +0 shield
 k - a +0 buckler (worn)
Jewellery
 g - a -2 ring of slaying
Scrolls
 i - 2 scrolls of remove curse
 j - a scroll of teleportation
 o - a scroll of magic mapping {unknown}
 p - 4 scrolls of fog
Potions
 d - 2 potions of might
 m - a potion of resistance
Comestibles
 f - 2 bread rations
 l - 2 fruits
 r - 2 chunks of flesh


   Skills:
 + Level 4.7 Fighting
 - Level 2.1 Short Blades
 + Level 4.8 Armour
 + Level 4.5 Shields


You had 4 spell levels left.
You didn't know any spells.

Dungeon Overview and Level Annotations

Branches:
Dungeon (3/15)

Altars:
Dithmenos
Gozag


Innate Abilities, Weirdness & Mutations

Shadows flee at your approach. (+LOS)
You can swim through water.
You cover ground slowly.
You can hop short distances.


Message History

You feel agile all of a sudden.
As you read the scroll of identify, it crumbles to dust.
p - 4 scrolls of fog You hit the ogre.
The ogre is poisoned.
The ogre is lightly wounded.
You block the ogre's attack.
You hit the ogre.
The ogre looks as sick as possible!
The ogre is moderately wounded.
You block the ogre's attack.
You hit the ogre.
The ogre is heavily wounded.
The ogre barely misses you.
You barely miss the ogre.
The ogre is heavily wounded.
The ogre hits you with a giant club!
You hit the ogre but do no damage.
The ogre is severely wounded.
The ogre hits you with a giant club!!
Ouch! That really hurt!
You die...

...... ###### #
#....... #..[.###
......# #.....##
.....# #.#...## .....
# # #....... .....
#.# #......# ..#.#
#.####.#....#
#.#.###§§.#........)
#.#@.#§#§#§#######.#
#.#O.§§§_§§...# #.#
#######.#.##§#§#§##.#
#.#
+..........§#§§.#.# #
#.#
###.....†####§##.#
#.. ##.#.#.....#.# #
### #..........#..
#.###....########.
#.÷.'....'........


You could see an ogre.

Vanquished Creatures
  4 adders
  A worm (D:2)
  5 dart slugs
  2 leopard geckos
  4 orcs
  2 giant cockroaches (D:1)
  7 goblins
  4 hobgoblins
  15 jackals
  9 bats
  2 frilled lizards (D:2)
  5 kobolds
  9 rats
69 creatures vanquished.

Notes
Turn   | Place    | Note
-------+----------+-------------------------------------------
     0 | D:1      | motkurip the Barachi Fighter began the quest for the Orb.
     0 | D:1      | Reached XP level 1. HP: 18/18 MP: 1/1
   233 | D:1      | Reached XP level 2. HP: 24/25 MP: 2/2
   509 | D:1      | Reached XP level 3. HP: 25/30 MP: 3/3
   838 | D:2      | Reached XP level 4. HP: 35/37 MP: 4/4
   935 | D:2      | Found an opulent altar of Gozag.
  1439 | D:3      | Found a shadowy altar of Dithmenos.
  1458 | D:3      | Reached XP level 5. HP: 24/43 MP: 5/5
  1511 | D:3      | Noticed an ogre
  1526 | D:3      | Demolished by an ogre

Vault maps used:
D:1:      wheals_arrival_linesprint, minmay_ruptured
D:2:      old_standard_altar
D:3:      okawaru_altar_gauntlet_db, tso_altar,
          grunt_dithmenos_smoke_and_mirrors,
          chequers_ecumenical_altar_simple_redux

Skill      XL: |  1  2  3 |
---------------+----------+-----
Armour         | 4 |  4.8
Fighting       | 4 |  4.7
Shields        | 4 |  4.5
Short Blades   | |  2.1

Action                   |  1- 3 |  4- 6 || total
-------------------------+-------+-------++-------
Melee: Rapier            |   173 |   114 ||   287
       Whip              |       |    35 ||    35
 Abil: Hop               |       |     3 ||     3
  Use: Scroll            |     2 |     2 ||     4
       Potion            |       |     3 ||     3
  Eat: Chunk             |       |     3 ||     3
Armor: Scale mail        |    95 |    55 ||   150
Dodge: Dodged            |    69 |    68 ||   137
Block: Shield            |   113 |       ||   113
       Buckler           |     2 |    44 ||    46

Table legend:
 A = Spawn XP
 B = Non-spawn XP
 C = Spawn XP percentage of total XP
 D = Spawn monster count
 E = Non-spawn monster count
 F = Spawn count percentage of total count
 G = Total turns spent on level
                    A         B        C        D         E        F      G
               +---------+---------+-------+---------+---------+-------+---------
         Total |       0 |     180 |   0.0 |       0 |      69 |   0.0 |  1526
               +---------+---------+-------+---------+---------+-------+---------
           D:1 |       0 |      48 |   0.0 |       0 |      30 |   0.0 |   705
           D:2 |       0 |      91 |   0.0 |       0 |      25 |   0.0 |   551
           D:3 |       0 |      41 |   0.0 |       0 |      14 |   0.0 |   270
               +---------+---------+-------+---------+---------+-------+---------
